 Dungeon Crawl Stone Soup version 0.22-b1-21-g5cfc168 (webtiles) character file.

16030 Tuzaro the Blocker (level 12, -7/70 HPs)
             Began as a Gargoyle Fighter on Aug 4, 2018.
             Was a High Priest of Cheibriados.
             Killed from afar by a bog body (23 damage)
             ... with a bolt of cold
             ... on level 2 of the Lair of Beasts.
             The game lasted 00:54:26 (12596 turns).

Tuzaro the Blocker (Gargoyle Fighter)              Turns: 12596, Time: 00:54:26

Health: -7/70      AC: 27    Str: 37    XL:     12   Next: 33%
Magic:  0/12       EV:  7    Int: 21    God:    Cheibriados [*****.]
Gold:   730        SH: 24    Dex: 21    Spells: 8/11 levels left

rFire    + . .     SeeInvis .   a - +6 flail (protect)
rCold    . . .     Gourm    .   o - +2 large shield
rNeg     + . .     Faith    .   K - +0 plate armour
rPois    ∞         Spirit   +   A - +1 helmet
rElec    +         Reflect  .   F - +0 cloak
rCorr    .         Harm     .   t - +0 pair of gloves
MR       .....                  (no boots)
Stlth    ..........             n - amulet of guardian spirit
HPRegen  0.21/turn              M - ring of protection from fire
MPRegen  0.13/turn              (no ring)

@: slowed, very slow
A: negative energy resistance 1, electricity resistance, unbreathing,
petrification resistance, rot immunity, AC +8
a: Bend Time, Temporal Distortion, Slouch, Step From Time, Renounce Religion


You were on level 2 of the Lair of Beasts.
You worshipped Cheibriados.
Cheibriados was extremely pleased with you.
You were not hungry.

You visited 3 branches of the dungeon, and saw 13 of its levels.

You collected 730 gold pieces.

Inventory:

Hand Weapons
 a - a +6 flail of protection (weapon)
 b - a +0 blowgun
Missiles
 m - 47 poisoned needles
 u - 5 throwing nets
 x - 53 sling bullets
 z - 11 javelins
 G - 11 tomahawks
 L - 264 stones (quivered)
Armour
 o - a +2 large shield (worn)
 t - a +0 pair of gloves (worn)
 A - a +1 helmet (worn)
 F - a +0 cloak (worn)
 K - a +0 plate armour (worn)
Jewellery
 n - an amulet of guardian spirit (around neck)
 M - a ring of protection from fire (left hand)
Wands
 E - a wand of flame (56)
 I - a wand of polymorph (21)
 N - a wand of disintegration (12)
 O - a wand of digging (21)
Scrolls
 h - 7 scrolls of identify
 k - 8 scrolls of teleportation
 r - a scroll of fear {unknown}
 s - 3 scrolls of remove curse
 v - 2 scrolls of amnesia {unknown}
 w - 2 scrolls of magic mapping {unknown}
 y - 2 scrolls of enchant armour {unknown}
 H - a scroll of enchant weapon {unknown}
 J - a scroll of blinking {unknown}
 P - a scroll of summoning {unknown}
 R - a scroll of vulnerability {unknown}
Potions
 c - 3 potions of flight {unknown}
 d - 5 potions of might
 e - 5 potions of degeneration {unknown}
 g - 2 potions of lignification {unknown}
 i - 6 potions of curing
 j - a potion of mutation {unknown}
 l - 3 potions of heal wounds {unknown}
 p - a potion of agility {unknown}
 q - 2 potions of haste {unknown}
 B - 2 potions of cancellation {unknown}
 C - 2 potions of ambrosia {unknown}
 D - 4 potions of brilliance {unknown}
 Q - a potion of resistance {unknown}
Comestibles
 f - 29 rations


   Skills:
 + Level 6.1 Fighting
 * Level 11.9 Maces & Flails
 + Level 4.7 Throwing
 * Level 7.7 Armour
 + Level 2.0 Dodging
 * Level 12.2 Shields
 * Level 3.3 Charms
 * Level 3.2 Necromancy


You had 8 spell levels left.
You knew the following spells:

 Your Spells              Type           Power        Failure   Level  Hunger
a - Regeneration          Chrm/Necr      ##........   99%         3    ####...

Your spell library contained the following spells:

 Spells                   Type           Power        Failure   Level  Hunger
 Magic Dart               Conj           #...         99%         1    ##.....
 Confuse                  Hex            #.......     100%        3    ####...
 Pain                     Necr           ##..         82%         1    ##.....
 Tukima's Dance           Hex            #.......     100%        3    ####...
 Summon Demon             Summ           #.........   100%        5    ######.
 Stone Arrow              Conj/Erth      #.....       100%        3    ####...
 Shock                    Conj/Air       #...         99%         1    ##.....
 Recall                   Summ/Tloc      N/A          100%        3    ####...
 Shadow Creatures         Summ           N/A          100%        6    #######
 Ensorcelled Hibernation  Hex/Ice        #.....       100%        2    ###....
 Corona                   Hex            #......      99%         1    ##.....
 Simulacrum               Ice/Necr       #.........   100%        6    #######
 Aura of Abjuration       Summ           #.........   100%        5    ######.
 Iskenderun's Battlesphe  Conj/Chrm      #.......     100%        5    ######.
 Dazzling Spray           Conj/Hex       #.....       100%        3    ####...
 Summon Forest            Summ/Tloc      #.........   100%        5    ######.
 Summon Mana Viper        Hex/Summ       #.......     100%        5    ######.


Dungeon Overview and Level Annotations

Branches:
Dungeon (10/15)            Temple (1/1) D:5            Lair (2/6) D:9
  Swamp (0/4) Lair:2
  Snake: Lair:2-4    Spider: Lair:2-4       Orc: D:9-12

Altars:
Ashenzari
Cheibriados
Elyvilon
Fedhas
Gozag
Hepliaklqana
Kikubaaqudgha
Makhleb
Nemelex Xobeh
Okawaru
Qazlal
Ru
Sif Muna
Trog
Uskayaw
Vehumet
Wu Jian
Xom
Yredelemnul
Zin
The Shining One

Shops:
D:5 *   D:10 %


Innate Abilities, Weirdness & Mutations

You are resistant to torment.
Your stone body is resilient. (AC +8)
You are immune to poison.
You resist negative energy. (rN+)
You are resistant to electric shocks. (rElec)
You can survive without breathing.
You are immune to petrification.
You are immune to rotting.


Message History

The electric eel shoots out a bolt of lightning at you!
The bolt of electricity hits you! You resist.
You block the bog body's attack. x2
The electric eel shoots out a bolt of lightning at you!
The bolt of electricity hits you!
The bog body gestures at you while chanting.
The bolt of cold hits you!
* * * LOW HITPOINT WARNING * * *
The electric eel shoots out a bolt of lightning at you!
The bolt of electricity hits you! You resist.
* * * LOW HITPOINT WARNING * * *
You block the bog body's attack.
The bog body touches you but does no damage.
The electric eel shoots out a bolt of lightning at you!
The bolt of electricity hits you! You resist.
* * * LOW HITPOINT WARNING * * *
You block the bog body's attack.
The bog body touches you but does no damage.
The bog body points at you and mumbles some strange words.
The bolt of cold hits you!
You die...

# ##.### #..♣♣..♣♣....#..#P.#.. #
#.## ##[♣≈.♣≈♣.............
######..#####.♣≈..≈♣.......P####P
##.#....##.##.♣≈.♣≈♣.......## ##
........P..##.♣≈†.≈♣.......P#
.............♣♣≈.♣≈♣♣....P.## #
##..P.P..#.#.♣♣≈..≈♣♣###P..# #
#............♣♣≈.♣≈♣ ###.# #
#............♣♣≈@.≈♣ #.######
.............♣♣≈♣.≈♣ ###..#...#
P#..###.P.P..♣♣≈.n≈♣ ##.#.......
.............♣♣♣..≈♣♣##.##.......
.............♣♣;§§§♣♣............
..............♣§§§≈♣......###.##.
..............♣§§§§♣....### ####.
..............♣≈≈§≈♣#...# #.
....##....#...♣♣♣♣♣♣#...# #.


You could see a bog body.

Vanquished Creatures
  A hydra (Lair:1)
  A two-headed ogre (D:8)
  Erica (Lair:2)
  Nergalle (Lair:1)
  Pikel (D:5)
  A black mamba (Lair:2)
  3 spiny frogs
  2 komodo dragons
  A hornet (D:7)
  A polar bear (Lair:2)
  Prince Ribbit (D:5)
  3 hippogriffs
  2 bog bodies (Lair:2)
  4 blink frogs
  Sigmund (D:5)
  4 yaks (Lair:1)
  2 basilisks
  2 hungry ghosts
  Edmund (D:4)
  2 swamp worms (Lair:2)
  6 water moccasins
  A soldier ant (D:10)
  2 hell hounds (D:9)
  A porcupine (Lair:1)
  2 orc warriors
  A sky beast (D:5)
  3 ice beasts
  4 slaves (D:5)
  2 phantoms
  A necrophage (D:10)
  7 ogres
  12 wolves
  5 centaurs
  2 crocodiles (Lair:2)
  A big kobold (D:7)
  8 bullfrogs
  A water moccasin zombie (D:7)
  2 scorpions
  A water moccasin skeleton (D:4)
  11 killer bees (D:8)
  2 howler monkeys (D:8)
  4 electric eels
  5 crimson imps
  2 centaur zombies
  3 jellies
  5 orc priests
  Crazy Yiuf (D:4)
  6 hounds
  10 orc wizards
  3 centaur skeletons
  4 iguanas
  Ijyb (D:5)
  Natasha (thrice) (D:4)
  6 worker ants
  4 gnolls (D:6)
  A howler monkey skeleton (D:10)
  7 adders
  A shadow imp (D:7)
  2 oozes
  5 adder zombies
  3 adder skeletons
  A worm (D:2)
  5 dart slugs
  9 leopard geckos
  41 orcs
  6 giant cockroaches
  15 goblins
  13 hobgoblins
  15 jackals
  14 kobolds
  7 quokkas
  A ball python (D:3)
  6 bats
  7 frilled lizards
  A giant cockroach zombie (D:2)
  2 jackal skeletons
  A leopard gecko zombie (D:2)
  10 rats
340 creatures vanquished.

Vanquished Creatures (others)
  3 fungi (Lair:2)
  3 plants
6 creatures vanquished.

Grand Total: 346 creatures vanquished

Notes
Turn   | Place    | Note
-------+----------+-------------------------------------------
     0 | D:1      | Tuzaro the Gargoyle Fighter began the quest for the Orb.
     0 | D:1      | Reached XP level 1. HP: 14/14 MP: 1/1
   186 | D:1      | Reached XP level 2. HP: 17/19 MP: 2/2
   361 | D:1      | Reached XP level 3. HP: 10/23 MP: 3/3
  1344 | D:2      | Reached XP level 4. HP: 21/28 MP: 2/4
  1750 | D:2      | Reached skill level 4 in Shields
  1903 | D:3      | Reached XP level 5. HP: 28/33 MP: 3/5
  2068 | D:3      | Noticed an ogre
  2078 | D:3      | Killed an ogre
  2221 | D:3      | Reached XP level 6. HP: 38/38 MP: 6/6
  2279 | D:3      | Reached skill level 1 in Throwing
  2347 | D:3      | Reached skill level 5 in Shields
  2816 | D:4      | Noticed Natasha
  2992 | D:4      | Killed Natasha
  2992 | D:4      | Reached skill level 1 in Dodging
  3120 | D:4      | Reached XP level 7. HP: 42/42 MP: 7/7
  3265 | D:4      | Found a runed door.
  3269 | D:4      | Noticed Crazy Yiuf
  3278 | D:4      | Killed Crazy Yiuf
  3322 | D:4      | Noticed Natasha
  3349 | D:4      | Killed Natasha
  3373 | D:4      | Noticed Natasha
  3382 | D:4      | Killed Natasha
  3394 | D:4      | Noticed Edmund
  3412 | D:4      | Killed Edmund
  3412 | D:4      | Reached skill level 5 in Maces & Flails
  3459 | D:4      | Reached skill level 6 in Shields
  3670 | D:5      | Entered Level 5 of the Dungeon
  3763 | D:5      | Reached XP level 8. HP: 44/48 MP: 6/8
  3769 | D:5      | Noticed Pikel
  3828 | D:5      | Killed Pikel
  3828 | D:5      | Reached skill level 7 in Shields
  3888 | D:5      | Noticed Sigmund
  3911 | D:5      | Killed Sigmund
  4149 | D:5      | Found a staircase to the Ecumenical Temple.
  4164 | D:5      | Found Mur Ypsipsi's General Store.
  4286 | D:5      | Noticed Ijyb
  4291 | D:5      | Killed Ijyb
  4383 | D:5      | Reached XP level 9. HP: 52/52 MP: 9/9
  4742 | D:5      | Noticed Prince Ribbit
  4813 | D:5      | Killed Prince Ribbit
  4813 | D:5      | Reached skill level 8 in Shields
  5903 | D:6      | You fall through a shaft for 2 floors!
  5913 | D:8      | Noticed a two-headed ogre
  5933 | D:8      | Killed a two-headed ogre
  5933 | D:8      | Reached skill level 9 in Shields
  6405 | D:7      | Reached XP level 10. HP: 58/58 MP: 10/10
  6465 | D:7      | Found a shimmering altar of Xom.
  6604 | Temple   | Entered the Ecumenical Temple
  6639 | Temple   | Became a worshipper of Cheibriados the Contemplative
  7554 | D:8      | Reached skill level 5 in Armour
  7614 | D:8      | Reached * piety under Cheibriados
  7707 | D:8      | Reached skill level 10 in Shields
  7726 | D:8      | Reached skill level 10 in Maces & Flails
  7733 | D:8      | Reached skill level 5 in Fighting
  7964 | D:8      | Reached ** piety under Cheibriados
  8456 | D:9      | Found a transporter.
  8482 | D:9      | Found a transporter.
  8597 | D:9      | Identified the Almanac of Confrontation and Evil
  8603 | D:9      | Learned a level 3 spell: Regeneration
  8744 | D:9      | Found a staircase to the Lair.
  8814 | D:9      | Reached *** piety under Cheibriados
  9559 | D:10     | Entered Level 10 of the Dungeon
  9592 | D:10     | Reached XP level 11. HP: 64/64 MP: 11/11
  9685 | D:10     | Reached skill level 1 in Charms
  9761 | D:10     | Found Hulua's Food Emporium.
  9978 | D:10     | Found an ancient bone altar of Kikubaaqudgha.
 10068 | D:10     | Reached skill level 1 in Necromancy
 10187 | D:10     | Reached **** piety under Cheibriados
 10339 | Lair:1   | Entered Level 1 of the Lair of Beasts
 10343 | Lair:1   | Noticed a six-headed hydra
 10351 | Lair:1   | Noticed Nergalle
 10358 | Lair:1   | Killed a six-headed hydra
 10364 | Lair:1   | Killed Nergalle
 10364 | Lair:1   | Reached skill level 11 in Shields
 11219 | Lair:2   | Noticed Erica
 11260 | Lair:2   | Killed Erica
 11638 | Lair:2   | Reached ***** piety under Cheibriados
 11797 | Lair:2   | Reached XP level 12. HP: 62/69 MP: 12/12
 12066 | Lair:2   | Reached skill level 12 in Shields
 12588 | Lair:2   | Found a staircase to the Swamp.
 12596 | Lair:2   | Killed from afar by a bog body

Skill      XL: |  1  2  3  4  5  6  7  8  9 10 11 12 |
---------------+-------------------------------------+-----
Maces & Flails | 3 4 5 7 8 10 11 | 11.9
Armour         | 4 5 7 |  7.7
Shields        | 4 5 6 7 9 10 11 12 | 12.2
Throwing       | 1 2 3 4 |  4.7
Dodging        | 1 2 |  2.0
Fighting       | 4 5 6 |  6.1
Charms         | 3 |  3.3
Necromancy     | 2 3 |  3.2

Action                   |  1- 3 |  4- 6 |  7- 9 | 10-12 || total
-------------------------+-------+-------+-------+-------++-------
Melee: Flail             |   201 |   244 |   350 |   719 ||  1514
  Use: Scroll            |     2 |       |     4 |     2 ||     8
       Potion            |       |       |       |     2 ||     2
 Stab: Distracted        |       |       |       |     1 ||     1
  Eat: Chunk             |     1 |     7 |    11 |    11 ||    30
       Ration            |       |       |       |     2 ||     2
Armor: Scale mail        |    16 |       |       |       ||    16
       Chain mail        |   113 |    98 |    83 |       ||   294
       Plate armour      |       |       |    44 |   364 ||   408
Dodge: Dodged            |    40 |    19 |    25 |   107 ||   191
Block: Shield            |    93 |       |       |       ||    93
       Large shield      |    55 |   191 |   327 |   860 ||  1433
